 Dungeon Crawl Stone Soup version 0.25-a0-178-gc9f82b1288 (webtiles) character file.

Game seed: 616827363373916524, levelgen mode: deterministic

25 MisterFreud the Skirmisher (level 2, 0/15 HPs)
             Began as a Felid Fighter on Nov 26, 2019.
             Slain by an adder (3 damage)
             ... on level 2 of the Dungeon.
             The game lasted 00:01:32 (1403 turns).

MisterFreud the Skirmisher (Felid Fighter)          Turns: 1403, Time: 00:01:32

Health: 0/15       AC:  1    Str: 12    XL:     2   Next: 86%
Magic:  12/12      EV: 19    Int:  9    God:
Gold:   92         SH:  0    Dex: 15    Spells: 1/1 levels left
                                        Lives:  0   Deaths: 0

rFire    . . .     SeeInvis +     - Unarmed
rCold    . . .     Gourm    .   (shield unavailable)
rNeg     . . .     Faith    .   (armour unavailable)
rPois    .         Spirit   .   (helmet unavailable)
rElec    .         Reflect  .   (cloak unavailable)
rCorr    .         Harm     .   (gloves unavailable)
MR       .....                  (boots unavailable)
Stlth    ++........             (no amulet)
HPRegen  0.05/turn              f - ring of magical power
MPRegen  0.13/turn              (no ring)

@: lethally poisoned (0 -> -9), quick
A: very small, no armour, no weapons or thrown items, stealth, claws 1, fangs 3,
see invisible, carnivore, speed 1, shaggy fur 1, slow metabolism 1, sharp paws
a: no special abilities


You were on level 2 of the Dungeon.
You were very full.

You visited 1 branch of the dungeon, and saw 2 of its levels.

You collected 92 gold pieces.

Inventory:

Missiles
 c - 4 stones
Jewellery
 e - an uncursed ring of fire
 f - a ring of magical power (left paw)
Scrolls
 d - 2 scrolls of identify {unknown}
Potions
 a - a potion of might
Comestibles
 b - 2 rations


   Skills:
 + Level 4.1 Fighting
 - Level 4.0 Dodging
 - Level 4.0 Unarmed Combat


You had one spell level left.
You didn't know any spells.
Your spell library was empty.

Dungeon Overview and Level Annotations

Branches:
Dungeon (2/15)

Altars:


Innate Abilities, Weirdness & Mutations

You cannot wear armour.
You are incapable of wielding weapons or throwing items.
Your paws allow you to move quietly. (Stealth)
You have sharp claws.
You have razor-sharp teeth.
You have supernaturally acute eyesight. (SInv)
You are carnivorous and can eat meat at any time.
You cover ground quickly.
You are covered in fur. (AC +1)
You have a slow metabolism.
Your sharp claws are effective at attacking unaware monsters.


Message History

The adder is almost dead.
The adder barely misses you. The adder bites you.
You are lethally poisoned!
The adder poisons you!
You closely miss the adder.
The adder is almost dead.
You feel sick. The adder barely misses you.
You barely miss the adder.
The adder is almost dead.
* * * LOW HITPOINT WARNING * * *
You feel sick. The adder completely misses you.
You closely miss the adder.
The adder is almost dead.
The adder closely misses you.
Unknown command.
You barely miss the adder.
The adder is almost dead.
* * * LOW HITPOINT WARNING * * *
You feel sick. The adder completely misses you. The adder bites you.
You die...

#.......... .....
#.......... #....#
#.......... ####....#
#.......... .......#
#.......... .###.....#
#.#.......# ........#
##........##
##......######...###.###
...........@SS...# .#
###.†..######.### #
##....#...#.#
##...........###
#...............
#...........)###
#............# .....
≈............## .......
.≈..#...##...##
#........


You could see an adder and a ball python.

Vanquished Creatures
  5 bats
  A giant cockroach (D:1)
  3 goblins (D:1)
  4 jackals (D:1)
  2 frilled lizards
  4 kobolds (D:1)
  5 rats (D:1)
24 creatures vanquished.

Notes
Turn   | Place    | Note
-------+----------+-------------------------------------------
     0 | D:1      | MisterFreud the Felid Fighter began the quest for the Orb.
     0 | D:1      | Reached XP level 1. HP: 10/10 MP: 2/2
   343 | D:1      | Reached XP level 2. HP: 13/14 MP: 3/3
  1403 | D:2      | Slain by an adder

Levels and vault maps discovered:
D:1:      roderic_lyre, layout_basic
D:2:      cheibrodos_pilgrimage, layout_rooms, chequers_ecumenical_altar_island,
          minmay_pentomino_w4

Skill      XL: |  1  2 |
---------------+-------+-----
Fighting       | 4 |  4.1
Dodging        | |  4.0
Unarmed Combat | |  4.0

Action                   || total
-------------------------++-------
Melee: Unarmed           ||    78
       Bite              ||     6
 Stab: Sleeping          ||     1
  Eat: Chunk             ||     7
Armor: Skin              ||     4
Dodge: Dodged            ||    73

Table legend:
 A = Non-vault XP
 B = Vault XP
 C = Vault XP percentage of total XP
 D = Non-vault monster count
 E = Vault monster count
 F = Vault count percentage of total count
                 A         B        C        D         E       F
            +---------+---------+-------+---------+---------+-------
      Total |      37 |       0 |   0.0 |      24 |       0 |   0.0
            +---------+---------+-------+---------+---------+-------
        D:1 |      33 |       0 |   0.0 |      21 |       0 |   0.0
        D:2 |       4 |       0 |   0.0 |       3 |       0 |   0.0
            +---------+---------+-------+---------+---------+-------
